 Dungeon Crawl Stone Soup version 0.19.0-2-gae57169 (webtiles) character file.

88 Monkfish the Cutter (level 4, -5/43 HPs)
             Began as a Kobold Berserker on Nov 6, 2016.
             Was a Believer of Trog.
             Slain by a hornet (14 damage)
             ... while paralysed by a hornet
             ... on level 4 of the Dungeon.
             The game lasted 00:03:17 (2040 turns).

Monkfish the Cutter (Kobold Berserker)              Turns: 2040, Time: 00:03:17

Health: -5/43      AC:  2    Str: 19    XL:     4   Next: 82%
Magic:  4/4        EV:  3    Int:  8    God:    Trog [**....]
Gold:   129        SH:  0    Dex: 15    Spells: 0 memorised, 3 levels left

rFire  . . .     SeeInvis .     a - +1 short sword
rCold  . . .     Gourm    .     b - +0 animal skin
rNeg   . . .     Faith    .     i - +1 buckler
rPois  .         Spirit   .     (no helmet)
rElec  .         Reflect  .     (no cloak)
rCorr  .         Harm     .     (no gloves)
MR     .....                    (no boots)
Stlth  ..........               (no amulet)
                                (no ring)
                                g - +5 ring of evasion

@: paralysed, berserking (expiring), lethally poisoned (-5 -> -22)
A: carnivore 3
a: Berserk, Trog's Hand, Burn Spellbooks, Renounce Religion


You were on level 4 of the Dungeon.
You worshipped Trog.
Trog was pleased with you.
You were full.

You visited 1 branch of the dungeon, and saw 4 of its levels.

You collected 129 gold pieces.

Inventory:

Hand Weapons
 a - a +1 short sword (weapon)
Armour
 b - a +0 animal skin (worn)
 i - a +1 buckler (worn)
Jewellery
 g - a +5 ring of evasion (left hand)
Scrolls
 d - a scroll of noise {unknown}
 f - a scroll of enchant armour
 j - a scroll of magic mapping
 k - 2 scrolls of identify
Comestibles
 c - 2 meat rations
 h - a beef jerky


   Skills:
 + Level 3.7 Fighting
 + Level 5.4 Short Blades
 - Level 1.5 Armour
 + Level 3.2 Dodging
 + Level 1.1 Stealth
 * Level 1.0 Shields


You had 3 spell levels left.
You didn't know any spells.

Dungeon Overview and Level Annotations

Branches:
Dungeon (4/15)
 Temple: D:4-7

Altars:
Ashenzari
Dithmenos
Kikubaaqudgha
Vehumet
The Shining One

Portals:
Sewer: D:4


Innate Abilities, Weirdness & Mutations

You are small and have problems with some larger weapons.
You are carnivorous and can eat meat at any time.


Message History

The hornet is heavily wounded.
You block the hornet's attack. The orc hits you.
You closely miss the hornet.
The hornet is heavily wounded.
You block the rat's attack. The hornet misses you.
You completely miss the hornet.
The hornet is heavily wounded.
The orc closely misses you. The hornet stings you!
You are poisoned.
You feel yourself slow down.
You miss the hornet.
The hornet is moderately wounded.
You feel sick. The rat misses you. The hornet stings you.
You are lethally poisoned!
You suddenly lose the ability to move!
The orc hits you.
* * * LOW HITPOINT WARNING * * *
You feel yourself speed up.
* * * LOW HITPOINT WARNING * * *
You feel sick. The hornet stings you!
You die...

*,* *,,,*>*,* #.#..... *,*
****#.#.# #.#..##. *,* #.#.#
#.#..##. *,* #.#.#####.#.....
*,* #.#!#........... *,*
#.#.#.#(#....... *,*
#.#...##.....#+# *,***
####............#,*
*,,,*******#r@yw.........###,*
*
**,,,,.....so###.....##..+,,∩,
* *,,,,.......*
##....#>#.#**,* *
*,,,,≈≈≈.r..* ###........*,* *
**,,≈≈≈≈≈...* ##.###...#+* *
*,,≈≈∩≈≈..#* #.# *....., *
*,,≈≈≈≈≈..* #.# **..##* *
*,,,≈≈≈...* *.# **,*
******,,,,,,,,,* *,* *,*


You could see a hornet, a worm, an orc, a giant cockroach and 2 rats.

Vanquished Creatures
  An adder (D:2)
  4 worms (D:2)
  A leopard gecko (D:2)
  An orc (D:3)
  A giant cockroach (D:3)
  9 goblins
  11 hobgoblins
  3 jackals (D:1)
  3 ball pythons (D:2)
  9 bats
  4 frilled lizards (D:1)
  10 kobolds
  A quokka skeleton (D:4)
  5 rats
63 creatures vanquished.

Notes
Turn   | Place    | Note
-------+----------+-------------------------------------------
     0 | D:1      | Monkfish the Kobold Berserker began the quest for the Orb.
     0 | D:1      | Reached XP level 1. HP: 14/14 MP: 1/1
   136 | D:1      | Reached XP level 2. HP: 15/19 MP: 2/2
   368 | D:1      | Reached XP level 3. HP: 13/23 MP: 3/3
  1017 | D:2      | Reached skill level 5 in Short Blades
  1019 | D:2      | Reached ** piety under Trog
  1019 | D:2      | Reached skill level 1 in Stealth
  1026 | D:2      | Reached XP level 4. HP: 28/28 MP: 4/4
  1322 | D:2      | Found a faded altar of an unknown god.
  1450 | D:3      | Found an ancient bone altar of Kikubaaqudgha.
  1874 | D:3      | Reached skill level 1 in Shields
  1922 | D:3      | Found a glowing golden altar of the Shining One.
  1922 | D:3      | Found a shadowy altar of Dithmenos.
  1927 | D:3      | Found a shattered altar of Ashenzari.
  1929 | D:3      | Found a radiant altar of Vehumet.
  1930 | D:3      | Found a faded altar of an unknown god.
  2014 | D:4      | Noticed a hornet
  2025 | D:4      | Found a glowing drain.
  2039 | D:4      | Paralysed by a hornet for 2 turns
  2040 | D:4      | Slain by a hornet

Skill      XL: |  1  2  3  4 |
---------------+-------------+-----
Short Blades   | 5 |  5.4
Dodging        | 3 |  3.2
Stealth        | 1 |  1.1
Shields        | 1 |  1.0
Fighting       | |  3.7
Armour         | |  1.5

Action                   |  1- 3 |  4- 6 || total
-------------------------+-------+-------++-------
Melee: Short sword       |   100 |   100 ||   200
Invok: Berserk           |     2 |     2 ||     4
  Use: Scroll            |     2 |     9 ||    11
       Potion            |     2 |     2 ||     4
 Stab: Sleeping          |     2 |       ||     2
  Eat: Chunk             |     8 |     4 ||    12
Armor: Animal skin       |    15 |    13 ||    28
Dodge: Dodged            |    87 |    65 ||   152
Block: Buckler           |    10 |    31 ||    41
